Map: NeoHumanity LE

Players

耳中的孤独 - Winner!

  • Race: Protoss Protoss
  • League: Gold
  • Spawn Location: 5:00

winzboy

  • Race: Protoss Protoss
  • League: Gold
  • Spawn Location: 11:00

VOD

Have the link to the VOD?

Description

Time

  • Played on: May 24, 2023, 2:27 a.m.
  • Length: 14:42
Show
View Real Time Build Order
Export as new Build Order

耳中的孤独 Protoss - Winner!

Build Orders: 1 Gate Expand 

Get SALT Encoding   

  12  0:00  Probe  
  13  0:12  Probe  
  14  0:17  Pylon  
  14  0:24  Probe  
  15  0:36  Probe  
  15  0:38  Gateway  
  16  0:44  Assimilator  
  16  0:49  Probe  
  17  1:01  Probe  
  18  1:13  Probe  
  19  1:25  Probe  
  20  1:26  Cybernetics Core  
  20  1:40  Nexus  
  20  1:44  Pylon  
  20  1:49  Probe  
  21  2:01  Probe  
  22  2:03  Stalker, Warp Gate  
  24  2:14  Gateway  
  24  2:18  Assimilator  
  24  2:19  Probe  
  25  2:33  Shield Battery  
  25  2:34  Probe  
  26  2:37  Stalker  
  28  2:48  Probe (Chrono Boost)  
  29  2:53  Robotics Facility  
  29  2:58  Probe (Chrono Boost)  
  31  3:06  Probe (Chrono Boost)  
  31  3:08  Probe (Chrono Boost), Twilight Council  
  33  3:12  Probe (Chrono Boost)  
  33  3:18  Stalker  
  35  3:20  Probe  
  35  3:25  Stalker  
  38  3:28  Probe  
  38  3:33  Pylon  
  39  3:35  Probe  
  39  3:40  Assimilator  
  40  3:42  Observer (Chrono Boost)  
  40  3:47  Probe (Chrono Boost)  
  43  3:50  Probe (Chrono Boost)  
  43  4:00  Probe (Chrono Boost)  
  43  4:02  Probe (Chrono Boost)  
  45  4:06  Probe  
  45  4:09  Blink (Chrono Boost)  
  46  4:10  Probe  
  46  4:14  Stalker  
  46  4:16  Zealot  
  51  4:18  Probe  
  51  4:23  Probe  
  53  4:24  Assimilator  
  53  4:34  Probe, Nexus  
  54  4:41  Pylon  
  54  4:45  Forge  
  54  4:55  Pylon  
  54  4:59  Probe x2  
  56  5:01  Stalker x2  
  60  5:11  Probe x2  
  62  5:20  Immortal  
  66  5:23  Probe x2  
  68  5:30  Robotics Bay  
  68  5:33  Gateway  
  70  5:35  Probe x2  
  70  5:36  Gateway  
  70  5:47  Probe x2  
  72  5:50  Probe, Protoss Ground Weapons Level 1 (Chrono Boost)  
  73  5:58  Stalker x2  
  73  6:00  Charge (Chrono Boost)  
  73  6:02  Probe (Chrono Boost)  
  73  6:03  Probe x2 (Chrono Boost)  
  80  6:13  Probe (Chrono Boost), Gateway  
  80  6:15  Probe x2 (Chrono Boost)  
  80  6:16  Gateway  
  83  6:24  Probe  
  84  6:28  Pylon  
  84  6:29  Probe, Pylon  
  84  6:31  Pylon  
  84  6:32  Assimilator  
  85  6:36  Assimilator  
  85  6:44  Colossus (Chrono Boost)  
  85  6:46  Probe x3, Pylon  
  94  6:58  Probe x3  
  97  7:02  Stalker x2  
  97  7:03  Stalker x2  
  105  7:08  Zealot  
  105  7:10  Probe x2, Zealot  
  105  7:13  Probe  
  112  7:19  Robotics Facility  
  112  7:20  Extended Thermal Lance (Chrono Boost)  
  112  7:22  Probe, Forge  
  113  7:35  Nexus  
  113  7:37  Pylon  
  113  7:40  Assimilator  
  113  7:42  Stalker x2, Assimilator  
  117  7:52  Pylon x2  
  117  7:53  Pylon x2  
  117  7:55  Probe x2, Colossus (Chrono Boost)  
  125  8:23  Stalker x3  
  125  8:24  Stalker x3  
  137  8:31  Protoss Ground Weapons Level 2 (Chrono Boost)  
  137  8:32  Protoss Ground Armor Level 1 (Chrono Boost), Colossus  
  143  8:41  Colossus  
  143  9:14  Templar Archives  
  143  9:19  Gateway  
  143  9:22  Gateway  
  143  9:23  Probe  
  144  9:24  Gateway  
  144  9:26  Gateway  
  144  9:30  Gateway  
  144  9:35  Photon Cannon  
  144  9:37  Photon Cannon  
  144  9:39  Photon Cannon  
  144  9:40  Psionic Storm, Shield Battery  
  144  9:42  Shield Battery  
  144  9:43  Photon Cannon  
  144  9:44  Photon Cannon, Colossus x2  
  156  9:46  Photon Cannon  
  156  9:48  Shield Battery  
  156  9:54  High Templar x2  
  156  9:55  High Templar x4  
  168  10:00  Archon x3  
  128  10:37  Colossus  
  128  10:38  Stalker x4  
  128  10:39  Stalker x2  
  132  10:48  High Templar  
  132  10:49  High Templar x4  
  136  10:56  Protoss Ground Armor Level 2 (Chrono Boost), Colossus  
  142  11:02  Protoss Ground Weapons Level 3 (Chrono Boost)  
  142  11:14  Gravitic Drive  
  142  11:28  Colossus (Chrono Boost)  
  148  11:47  Colossus (Chrono Boost)  
  154  12:12  Gravitic Boosters  
  154  12:15  Immortal  
  158  12:22  Archon  
  132  12:39  Stalker  
  132  12:40  Stalker x6  
  132  12:41  Stalker x3  
  132  12:42  Stalker  
  126  13:13  High Templar x3  
  126  13:14  High Templar x4  
  126  13:15  High Templar x3  
  126  13:16  High Templar  
  148  13:27  Immortal x2  
  156  13:46  Zealot  
  156  13:47  Zealot x6  
  156  13:48  Zealot  
  172  13:56  Pylon  
  172  13:59  Pylon  
  172  14:00  Pylon  
  172  14:02  Pylon  
  172  14:03  Pylon  
  172  14:05  Pylon  
  172  14:14  Observer  
  164  14:38  Archon  
  164  14:39  Archon x2  
  164  14:40  Archon  
  164  14:41  Archon  
Show
View Real Time Build Order
Export as new Build Order

winzboy Protoss 

Build Orders: Archon Immortal 

Get SALT Encoding   

  12  0:01  Probe  
  13  0:14  Probe (Chrono Boost)  
  14  0:20  Pylon  
  14  0:24  Probe (Chrono Boost)  
  15  0:38  Probe  
  15  0:40  Gateway  
  16  0:50  Probe  
  16  0:55  Assimilator  
  17  1:03  Probe  
  18  1:15  Probe  
  19  1:27  Probe  
  19  1:31  Cybernetics Core  
  20  1:39  Probe  
  21  1:47  Nexus  
  21  1:51  Probe  
  22  1:56  Warp Gate (Chrono Boost)  
  22  1:58  Assimilator  
  22  2:03  Probe  
  23  2:20  Pylon  
  23  2:30  Shield Battery  
  23  2:37  Adept  
  23  2:38  Probe  
  26  2:50  Probe  
  26  2:59  Probe  
  26  3:02  Probe  
  28  3:07  Stalker  
  28  3:11  Probe  
  31  3:14  Probe  
  31  3:19  Robotics Facility  
  32  3:23  Probe  
  32  3:27  Probe  
  34  3:28  Pylon  
  34  3:33  Gateway  
  34  3:35  Probe  
  34  3:37  Gateway  
  34  3:39  Probe  
  38  3:48  Probe  
  37  3:52  Probe  
  38  3:57  Stalker  
  38  4:00  Probe  
  41  4:04  Probe  
  42  4:11  Assimilator  
  42  4:15  Assimilator  
  42  4:19  Pylon  
  42  4:20  Probe x2  
  44  4:26  Twilight Council, Stalker  
  44  4:29  Observer  
  47  4:32  Probe x2  
  47  4:37  Adept  
  51  4:44  Probe x2  
  53  4:56  Probe x2  
  53  4:58  Pylon  
  55  5:01  Gateway x2  
  55  5:03  Gateway  
  55  5:07  Gateway  
  55  5:09  Gateway  
  55  5:13  Gateway  
  55  5:14  Probe x2  
  57  5:15  Gateway  
  57  5:20  Charge (Chrono Boost)  
  57  5:26  Probe  
  58  5:30  Immortal  
  62  5:48  Probe  
  62  5:49  Probe  
  64  5:52  Zealot  
  64  5:53  Zealot x2  
  70  6:07  Pylon  
  70  6:10  Pylon  
  70  6:25  Immortal  
  74  6:26  Nexus  
  74  6:29  Pylon  
  74  6:31  Pylon  
  74  6:35  Zealot x2  
  74  6:36  Zealot x2  
  82  6:43  Forge  
  82  6:46  Pylon  
  82  6:58  Templar Archives  
  82  7:03  Zealot x3  
  82  7:04  Zealot x3  
  94  7:19  Protoss Ground Weapons Level 1  
  94  7:35  High Templar  
  94  7:36  High Templar x2  
  100  7:37  High Templar x2  
  100  7:38  High Templar  
  100  7:41  Zealot x3  
  100  7:42  Zealot  
  114  7:46  Archon x2  
  114  7:47  Archon  
  114  7:48  Warp Prism (Chrono Boost)  
  115  8:07  High Templar x3  
  121  8:15  Immortal (Chrono Boost)  
  125  8:28  Shield Battery  
  125  8:32  Pylon  
  125  8:34  Pylon, Archon  
  125  8:36  Pylon  
  125  8:54  Observer  
  116  8:58  Zealot x2  
  116  8:59  Zealot  
  104  9:07  Zealot x2  
  104  9:08  Zealot x3  
  104  9:09  Zealot x2  
  116  9:15  Immortal  
  120  9:28  Stalker  
  120  9:29  Stalker x3  
  120  9:30  Stalker x2  
  120  9:31  Stalker x2  
  136  9:42  High Templar x2  
  140  9:50  Pylon  
  140  9:52  Pylon  
  140  10:00  Pylon  
  140  10:05  Immortal  
  140  10:10  Zealot x2  
  140  10:11  Zealot x3  
  140  10:12  Zealot x2  
  120  10:33  Zealot x2  
  120  10:34  Zealot x3  
  93  10:44  Immortal  
  89  10:50  Zealot  
  89  10:51  Zealot x2  
  89  10:52  High Templar x2, Zealot  
  89  10:53  High Templar x3  
  89  10:54  High Templar  
  109  11:12  Zealot, Stalker  
  109  11:13  Stalker x2  
  117  11:23  Immortal  
  121  11:26  Zealot  
  121  11:27  Zealot  
  121  11:28  Zealot  
  121  11:29  Sentry x2  
  121  11:32  Stalker  
  133  11:38  Protoss Ground Armor Level 1  
  133  11:45  Assimilator  
  133  11:49  Assimilator  
  133  11:56  Nexus  
  133  11:58  Pylon  
  133  12:01  Pylon  
  133  12:03  Immortal  
  136  12:09  Zealot x3  
  136  12:12  High Templar x2  
  136  12:13  Archon x3  
  90  12:41  Warp Prism  
  62  12:53  Stalker x2  
  62  12:54  Stalker x3  
  62  12:55  Stalker x2  
  62  12:56  Stalker x2  
  76  13:10  Stalker  
  78  13:23  Zealot  
  78  13:24  Zealot x2  
  78  13:25  Zealot x3  
  78  13:26  Zealot x2  
  94  13:27  Zealot  
  90  13:53  Stalker x2  
  90  13:54  Stalker  
  90  13:55  High Templar x2  
  98  13:56  High Templar x2  
  98  14:00  Archon  
  104  14:08  Probe  
  105  14:15  Zealot x2  
  105  14:16  Zealot x2  
  113  14:20  Probe  
Tags
 
Composition
Archon Immortal
League
GoldGold
Matchup
PvP
Replay Pack
Multiplayer
Spawn Locations
Cross Positions
Add a new tag
Caveats
  • Supply blocks, unpowered buildings, or Contaminate may cause inaccurate times.
  • Supply counts are checked every 10 seconds.